 Dungeon Crawl Stone Soup version 0.18-a0-917-g8a3da5b (webtiles) character file.

297 st0uf the Shield-Bearer (level 6, -12/49 HPs)
             Began as a Formicid Fighter on Dec 26, 2015.
             Was a Follower of Okawaru.
             Mangled by an ogre
             ... wielding a +0 giant club
              (22 damage)
             ... on level 4 of the Dungeon.
             The game lasted 00:15:13 (4937 turns).

st0uf the Shield-Bearer (Formicid Fighter)          Turns: 4937, Time: 00:15:13

Health: -12/49     AC:  7    Str: 23    XL:     6   Next: 62%
Magic:  6/6        EV:  8    Int:  7    God:    Okawaru [*.....]
Gold:   248        SH: 10    Dex: 10    Spells: 0 memorised, 5 levels left

rFire  + . .     SeeInvis +     a - +0 long sword
rCold  + . .     Gourm    .     b - +0 scale mail
rNeg   . . .     Faith    .     c - +0 shield
rPois  .         Spirit   .     (helmet unavailable)
rElec  .         Dismiss  .     (no cloak)
rCorr  .         Reflect  .     (no gloves)
SustAt .         Harm     .     (no boots)
MR     .....                    (no amulet)
Stlth  ..........               u - ring of protection from cold
                                t - ring of protection from fire

@: lethally poisoned (-12 -> -14), not resistant to hostile enchantments,
extremely unstealthy
A: permanent stasis, dig shafts and tunnels, four strong arms, antennae 3
a: Dig, Shaft Self, Heroism, Renounce Religion


You were on level 4 of the Dungeon.
You worshipped Okawaru.
Okawaru was aware of your devotion.
You were hungry.

You visited 1 branch of the dungeon, and saw 4 of its levels.

You collected 248 gold pieces.

Inventory:

Hand Weapons
 a - a +0 long sword (weapon)
Armour
 b - a +0 scale mail (worn)
 c - a +0 shield (worn)
Jewellery
 t - a ring of protection from fire (left hand)
 u - a ring of protection from cold (right hand)
Scrolls
 g - 2 scrolls of random uselessness {unknown}
 i - a scroll of teleportation {unknown}
 k - a scroll of blinking {unknown}
 p - 2 scrolls of enchant armour {unknown}
 q - 4 scrolls of remove curse
 x - a scroll of magic mapping {unknown}
 y - a scroll of identify {unknown}
 A - a scroll of fear {unknown}
Potions
 d - a potion of might
 e - 4 potions of lignification {unknown}
 h - a potion of mutation {unknown}
 j - a potion of brilliance {unknown}
 l - a potion of flight {unknown}
 n - a potion of resistance
 o - a potion of ambrosia {unknown}
 r - 2 potions of curing {unknown}
 v - a potion of degeneration {unknown}
 w - a potion of poison {unknown}
 C - a potion of haste {unknown}
Books
 B - Sif Muna's Guide on Clay and Shape Shifting
   (You found it on level 4 of the Dungeon)

   Spells                             Type                      Level
   a - Sandblast                      Earth                        1
   b - Stoneskin                      Transmutation/Earth          2
   c - Lee's Rapid Deconstruction     Earth                        5
   d - Statue Form                    Transmutation/Earth          6
Comestibles
 f - 2 bread rations
 m - a royal jelly
 s - 4 meat rations
 z - a beef jerky


   Skills:
 + Level 4.7 Fighting
 + Level 3.6 Long Blades
 + Level 4.7 Armour
 + Level 5.1 Shields


You had 5 spell levels left.
You didn't know any spells.

Dungeon Overview and Level Annotations

Branches:
Dungeon (4/15)
 Temple: D:4-7

Altars:
Elyvilon
Fedhas
Gozag
Okawaru
Yredelemnul
The Shining One

Annotations:
D:3 George's ghost, amateur GrFi


Innate Abilities, Weirdness & Mutations

You are under a permanent stasis effect.
You can dig through walls and to a lower floor.
Your four strong arms can wield two-handed weapons with a shield.
You have a pair of large antennae on your head (SInv).


Message History

You closely miss the scorpion.
The scorpion is almost dead.
You feel sick.
The scorpion stings you but does no damage.
You hit the scorpion.
You kill the scorpion!
Okawaru accepts your kill.
You feel sick.
You start resting.
You feel sick.
You feel sick. x9
You sense a monster nearby.
You feel sick.
An ogre comes into view. It is wielding a giant club.
You barely miss the ogre.
The ogre shouts!
The ogre barely misses you.
You slash the ogre!
The ogre is moderately wounded.
The ogre hits you with a giant club!!
You die...

###### #....###+##### ##........
#####.##.#.......# # #.........#
.......#.#.......#.# #.........+
...##..#.#......@#.###.........##
....#..#.#.......O.#............<
.(..#..#.#.......###.##..........
....#..#.#.......# #.##.........#
..<.#..#.#.......# #.##..........
###.#..#.#.......# #.##........##
....#..#.#.......###'######+#..#.
########.######.........# #.#..#.
.........# #.........# #.#..#.


You could see an ogre.

Vanquished Creatures
  A scorpion (D:4)
  A hound (D:4)
  An orc wizard (D:4)
  A worker ant (D:4)
  5 adders
  A gnoll (D:1)
  2 oozes
  6 giant geckos
  6 orcs
  7 bats
  2 giant cockroaches
  9 goblins
  8 hobgoblins
  24 jackals
  11 kobolds
  2 quokkas (D:3)
  3 giant newts
  A jackal skeleton (D:4)
  A quokka skeleton (D:4)
  7 rats
99 creatures vanquished.

Notes
Turn   | Place    | Note
--------------------------------------------------------------
     0 | D:1      | st0uf the Formicid Fighter began the quest for the Orb.
     0 | D:1      | Reached XP level 1. HP: 18/18 MP: 1/1
    79 | D:1      | Reached XP level 2. HP: 18/24 MP: 2/2
   424 | D:1      | Reached XP level 3. HP: 25/30 MP: 3/3
   444 | D:1      | Reached skill level 4 in Shields
  1209 | D:1      | Reached XP level 4. HP: 32/37 MP: 4/4
  1672 | D:2      | Found a faded altar to an unknown god.
  1690 | D:2      | Became a worshipper of Warmaster Okawaru
  1690 | D:2      | Reached * piety under Okawaru
  1845 | D:2      | Found a white marble altar of Elyvilon.
  1953 | D:2      | Reached XP level 5. HP: 19/42 MP: 5/5
  2652 | D:3      | Noticed George's ghost (amateur GrFi)
  3429 | D:3      | Found a glowing golden altar of the Shining One.
  3488 | D:3      | Found a blossoming altar of Fedhas.
  3920 | D:4      | Found a basalt altar of Yredelemnul.
  4064 | D:4      | Found an opulent altar of Gozag.
  4170 | D:4      | Reached XP level 6. HP: 42/49 MP: 6/6
  4188 | D:4      | Reached skill level 5 in Shields
  4704 | D:4      | Identified Sif Muna's Guide on Clay and Shape Shifting
  4937 | D:4      | Mangled by an ogre

Vault maps used:
D:1:      minmay_arrival_checkered_box, minivault_25
D:2:      elyvilon_altar_5, ecumenical_altar_1, kennysheep_another_room
D:3:      tso_metal_star, lemuel_altar_in_water2
D:4:      old_standard_altar, yredelemnul_altar_generic, first_bread,
          fountainhead

Action                   |  1- 3 |  4- 6 || total
-------------------------+-------+-------++-------
Melee: Long sword        |   136 |   311 ||   447
Invok: Heroism           |       |     1 ||     1
 Abil: Dig               |       |     2 ||     2
  Use: Scroll            |       |     1 ||     1
  Eat: Chunk             |     1 |    12 ||    13
